[ PARTIDA AOE2 · #507210910 ]
UnrankedSicilianos vs Burgundians
Equipo del jugador · VICT
Equipo rival · DERR
[ ANÁLISIS DE REPETICIÓN · EXTRAÍDO DE LA PARTIDA GRABADA ]
Feudal
10:40
Castillos
—
Imperial
—
| APM promedio | 20.8 |
| APM pico | 43 |
| eAPM promedio | 12.7 |
| Aldeanos / militares | 34 / 2 |
Foco
⚔️ 20.0% · 🌾 80.0%
Serjeant ×2
Feudal
11:05
Castillos
—
Imperial
—
| APM promedio | 65.1 |
| APM pico | 107 |
| eAPM promedio | 30.2 |
| Aldeanos / militares | 61 / 8 |
Foco
⚔️ 20.7% · 🌾 79.3%
Archer ×8
Mapa de la partida
Recursos iniciales + cada clic de construcción. Líneas = muros · curvas = relieve. ◆ oro · ⬟ piedra · ● bayas · ✦ reliquia · ◌ hueco del cierre
Tu base· ✓ Cerrada en 12:00 · 0t muro · 3 puerta(s)
Base de justcaem· ✓ Cerrada en 12:00 · 1t muro · 2 puerta(s) · frágil
Terreno inicial suavizado · ◌ = hueco del cierre detectado · pasá el cursor para detalles
Inputs por minuto
— PoopMaster - - justcaem
Build order — PoopMaster
54 acciones detectadas en el replay
| 0:02 | Encolar | Villager (Male) ×4 |
| 0:05 | Construir | House |
| 0:06 | Construir | House |
| 0:08 | Construir | House |
| 0:09 | Construir | House |
| 1:43 | Encolar | Villager (Male) |
| 2:09 | Encolar | Villager (Male) |
| 2:36 | Encolar | Villager (Male) |
| 2:42 | Construir | Lumber Camp |
| 2:54 | Encolar | Villager (Male) |
| 3:12 | Encolar | Villager (Male) |
| 3:49 | Encolar | Villager (Male) |
| 3:58 | Encolar | Villager (Male) |
| 4:23 | Encolar | Villager (Male) |
| 4:56 | Encolar | Villager (Male) |
| 4:57 | Encolar | Villager (Male) |
| 5:36 | Encolar | Villager (Male) |
| 6:01 | Construir | Mill |
| 6:05 | Encolar | Villager (Male) |
| 6:47 | Encolar | Villager (Male) |
| 6:48 | Encolar | Villager (Male) |
| 7:29 | Construir | Mining Camp |
| 7:36 | Encolar | Villager (Male) |
| 8:05 | Investigar | Loom |
| 8:18 | Construir | House |
| 8:27 | Investigar | Feudal Age |
| 8:56 | Encolar | Villager (Male) |
| 8:57 | Encolar | Villager (Male) |
| 8:57 | Encolar | Villager (Male) |
| 9:43 | Construir | Mining Camp |
| 10:40 | Edad | Edad Feudal |
| 10:50 | Construir | Donjon |
| 11:49 | Construir | Town Center |
| 12:12 | Encolar | Villager (Male) |
| 12:12 | Encolar | Villager (Male) |
| 12:12 | Encolar | Villager (Male) |
| 13:01 | Encolar | Villager (Male) |
| 13:02 | Encolar | Villager (Male) |
| 13:56 | Encolar | Villager (Male) |
| 13:57 | Encolar | Villager (Male) |
| 14:11 | Construir | Palisade Wall |
| 14:13 | Construir | Palisade Wall |
| 14:13 | Construir | Palisade Wall |
| 14:28 | Construir | House |
| 14:30 | Construir | House |
| 15:39 | Encolar | Villager (Male) |
| 15:39 | Encolar | Villager (Male) |
| 15:49 | Encolar | Villager (Male) |
| 15:50 | Encolar | Villager (Male) |
| 16:06 | Construir | Donjon |
| 16:11 | Encolar | Villager (Male) |
| 16:35 | Construir | Mill |
| 18:02 | Encolar | Serjeant |
| 18:03 | Encolar | Serjeant |
Build order — justcaem
101 acciones detectadas en el replay
| 0:01 | Encolar | Villager (Male) |
| 0:01 | Encolar | Villager (Male) |
| 0:01 | Encolar | Villager (Male) |
| 0:01 | Encolar | Villager (Male) |
| 0:03 | Construir | House |
| 0:05 | Construir | House |
| 1:26 | Encolar | Villager (Male) |
| 1:26 | Encolar | Villager (Male) |
| 1:26 | Encolar | Villager (Male) |
| 1:44 | Construir | Lumber Camp |
| 2:03 | Encolar | Villager (Male) |
| 2:03 | Encolar | Villager (Male) |
| 2:03 | Encolar | Villager (Male) |
| 2:15 | Encolar | Villager (Male) |
| 2:15 | Encolar | Villager (Male) |
| 2:40 | Investigar | Double-Bit Axe |
| 2:40 | Investigar | Double-Bit Axe |
| 2:57 | Encolar | Villager (Male) |
| 2:57 | Encolar | Villager (Male) |
| 3:28 | Encolar | Villager (Male) |
| 3:29 | Encolar | Villager (Male) |
| 3:29 | Encolar | Villager (Male) |
| 3:39 | Construir | House |
| 3:55 | Encolar | Villager (Male) |
| 3:56 | Encolar | Villager (Male) |
| 4:04 | Construir | House |
| 4:20 | Encolar | Villager (Male) |
| 4:20 | Encolar | Villager (Male) |
| 4:20 | Encolar | Villager (Male) |
| 4:23 | Construir | Palisade Wall |
| 4:25 | Construir | House |
| 5:00 | Encolar | Villager (Male) |
| 5:01 | Encolar | Villager (Male) |
| 5:22 | Encolar | Villager (Male) |
| 5:22 | Encolar | Villager (Male) |
| 5:23 | Encolar | Villager (Male) |
| 5:35 | Construir | Mill |
| 6:07 | Encolar | Villager (Male) |
| 6:07 | Encolar | Villager (Male) |
| 6:07 | Encolar | Villager (Male) |
| 6:30 | Encolar | Villager (Male) |
| 6:31 | Encolar | Villager (Male) |
| 6:31 | Encolar | Villager (Male) |
| 6:32 | Encolar | Villager (Male) |
| 6:32 | Encolar | Villager (Male) |
| 6:33 | Encolar | Villager (Male) |
| 6:44 | Construir | Mill |
| 6:49 | Encolar | Villager (Male) |
| 6:49 | Encolar | Villager (Male) |
| 7:10 | Encolar | Villager (Male) |
| 7:19 | Encolar | Villager (Male) |
| 7:53 | Encolar | Villager (Male) |
| 7:53 | Encolar | Villager (Male) |
| 7:53 | Encolar | Villager (Male) |
| 8:34 | Investigar | Feudal Age |
| 8:49 | Construir | Mining Camp |
| 9:30 | Investigar | Horse Collar |
| 9:33 | Construir | Farm |
| 9:34 | Construir | Farm |
| 9:40 | Encolar | Villager (Male) |
| 9:40 | Encolar | Villager (Male) |
| 10:43 | Encolar | Villager (Male) |
| 10:48 | Encolar | Villager (Male) |
| 10:56 | Encolar | Villager (Male) |
| 11:05 | Edad | Edad Feudal |
| 11:09 | Investigar | Loom |
| 11:09 | Investigar | Loom |
| 11:16 | Encolar | Villager (Male) |
| 11:24 | Construir | Lumber Camp |
| 11:25 | Encolar | Villager (Male) |
| 12:01 | Encolar | Villager (Male) |
| 12:06 | Construir | Barracks |
| 12:06 | Encolar | Villager (Male) |
| 12:23 | Encolar | Villager (Male) |
| 12:27 | Construir | Mining Camp |
| 12:29 | Encolar | Villager (Male) |
| 12:44 | Encolar | Villager (Male) |
| 12:49 | Construir | Mining Camp |
| 12:53 | Construir | Watch Tower |
| 13:15 | Construir | Archery Range |
| 13:27 | Encolar | Villager (Male) |
| 13:31 | Encolar | Villager (Male) |
| 13:34 | Encolar | Villager (Male) |
| 13:58 | Construir | House |
| 14:18 | Encolar | Villager (Male) |
| 14:29 | Encolar | Archer |
| 14:29 | Encolar | Archer |
| 14:41 | Encolar | Villager (Male) |
| 14:46 | Encolar | Archer |
| 14:47 | Encolar | Archer |
| 14:58 | Encolar | Villager (Male) |
| 15:18 | Construir | Lumber Camp |
| 15:19 | Encolar | Archer |
| 15:34 | Encolar | Archer |
| 15:42 | Construir | House |
| 16:18 | Construir | Mill |
| 16:22 | Construir | House |
| 16:58 | Construir | House |
| 17:28 | Construir | Town Center |
| 17:31 | Encolar | Archer |
| 17:31 | Encolar | Archer |
Cronología de la partida
| 4:23 | justcaem · wall_segment Palisade Wall x1 |
| 10:40 | PoopMaster · age_up feudal |
| 10:50 | PoopMaster · first_building Donjon |
| 11:05 | justcaem · age_up feudal |
| 12:06 | justcaem · first_building Barracks |
| 13:15 | justcaem · first_building Archery Range |
| 14:11 | PoopMaster · wall_segment Palisade Wall x4 |
| 14:13 | PoopMaster · wall_segment Palisade Wall x4 |
| 14:13 | PoopMaster · wall_segment Palisade Wall x3 |
| 18:04 | justcaem · resign |
[ ANÁLISIS IA · 1 CRÉDITO ]
¿Qué pasó realmente en esta partida?
Wolo.gg analiza cada decisión: build order, eco, micro, errores típicos por bracket. Análisis personalizado por WhatsApp o Discord en 30 segundos.
Guía civ
Sicilianos
Perfil
Jugador #1099922